Little Stars vs Diables
(R1)
Created - November 28, 2017 at 19:06
Goals
|
| Little Stars |
1 |
1 |
2 |
4 |
| Diables |
0 |
1 |
0 |
1 |
|
Shots
|
| Little Stars |
10 |
9 |
13 |
32 |
| Diables |
7 |
11 |
3 |
21 |
|
1st period
1. Little Stars , Dana Tyrell 16 (Alex Chiasson 23, Jesper Fast 9) at 16:39
Penalties :
Andrej Sustr (Tex) for Holding (Minor) at 18:35
2nd period
2. Little Stars , Alex Chiasson 15 (Tyson Barrie 8, Shawn Matthias 17) at 8:41
3. Diables , Jon Merrill 5 (Craig Smith 18, Ryan Nugent-Hopkins 9) at 19:49
Penalties :
Tyler Wotherspoon (Tex) for Tripping (Minor) at 2:04, Daniel Zaar (Alm) for Interference (Minor) at 10:31
3rd period
4. Little Stars , Jesper Fast 11 (Andrej Sustr 8, Yannick Weber 9) at 8:34
5. Little Stars , Shawn Matthias 14 (Alex Chiasson 24, Tyson Barrie 9) at 10:58
Penalties :
Craig Smith (Alm) for Hooking (Minor) at 1:41, Tyler Bozak (Alm) for Slashing (Minor) at 11:38
Goalie Stats
Jhonas Enroth (Tex), 20 saves from 21 shots - (0.952), W, 13-4-1, 60:00 minutes
Jean-Francois Berube (Alm), 28 saves from 32 shots - (0.875), L, 6-6-1, 60:00 minutes
Players Stats for Little Stars
Player Name G A P +/- PIM S H SB GA TA FO MP PP MP PK MP
------------------------------------------------------------------------------------
Alex Chiasson 1 2 3 3 0 5 1 0 0 0 1/3 22:34 2:14 2:21
Alexander Vasyunov 0 0 0 -1 0 1 0 1 0 1 1/1 12:11 0:31 0:34
Andrej Sustr 0 1 1 2 2 2 2 2 0 0 0/0 18:55 2:41 0:55
Dana Tyrell 1 0 1 3 0 2 2 0 0 0 9/23 20:23 2:14 1:03
Daniel Catenacci 0 0 0 0 0 0 0 0 0 0 1/2 8:08 0:00 0:00
Daniel O'regan 0 0 0 -1 0 2 1 0 0 0 2/6 11:22 0:00 0:00
Jesper Fast 1 1 2 1 0 1 1 0 1 0 1/1 16:24 3:12 0:00
Jesse Joensuu 0 0 0 1 0 3 3 0 0 0 0/2 17:00 3:09 1:03
Mathieu Perreault 0 0 0 1 0 2 4 0 1 1 7/19 16:24 3:12 0:00
Nail Yakupov 0 0 0 -1 0 0 0 0 0 0 0/0 12:29 0:34 0:00
Niklas Hjalmarsson 0 0 0 1 0 5 1 1 1 1 0/0 28:14 3:16 2:22
Phil Oreskovic 0 0 0 1 0 2 2 4 0 1 0/0 28:14 3:16 2:22
Robert Klinkhammer 0 0 0 0 0 0 1 0 1 0 0/0 8:51 0:07 0:34
Scott Kosmachuck 0 0 0 0 0 0 1 0 0 0 0/0 8:32 0:24 0:00
Shawn Matthias 1 1 2 3 0 5 3 2 1 1 0/0 22:38 2:14 2:21
Tyler Wotherspoon 0 0 0 0 2 0 1 0 0 1 0/0 12:41 0:00 0:41
Tyson Barrie 0 2 2 0 0 1 4 0 0 1 0/0 11:31 0:00 0:00
Yannick Weber 0 1 1 2 0 1 1 1 0 1 0/0 19:29 2:41 1:36
Players Stats for Diables
Player Name G A P +/- PIM S H SB GA TA FO MP PP MP PK MP
------------------------------------------------------------------------------------
Alexandre Burrows 0 0 0 -1 0 1 4 1 1 0 0/0 18:28 1:53 1:03
Ben Hanowski 0 0 0 0 0 0 0 0 0 0 0/0 3:10 2:05 0:00
Brandon Prust 0 0 0 0 0 1 2 0 1 0 0/0 16:57 2:05 0:19
Brian Dumoulin 0 0 0 -1 0 0 0 3 1 2 0/0 16:16 1:19 0:00
Craig Smith 0 1 1 -1 2 3 1 0 0 0 0/0 18:12 0:00 2:10
Daniel Zaar 0 0 0 -1 2 1 2 0 0 0 0/0 12:36 0:00 0:00
Hampus Lindholm 0 0 0 -1 0 3 0 1 0 2 0/0 26:15 2:39 2:25
Jamie Oleksiak 0 0 0 -1 0 1 0 0 0 0 0/0 15:32 0:00 2:14
Jon Merrill 1 0 1 -1 0 2 0 2 0 0 0/0 24:55 1:19 3:43
Jordan Szwarz 0 0 0 -1 0 3 2 1 2 0 2/2 21:28 1:53 0:00
Keith Seabrook 0 0 0 0 0 0 0 0 0 0 0/0 0:13 0:00 0:00
Mark Fraser 0 0 0 -1 0 0 1 1 0 1 0/0 22:52 2:39 3:32
Pavel Valentenko 0 0 0 -1 0 0 1 0 0 0 0/0 13:57 0:00 0:00
Pierre-Cédric Labrie 0 0 0 -1 0 0 1 0 1 0 0/1 13:55 0:00 1:25
Ryan Nugent-Hopkins 0 1 1 -1 0 1 3 0 1 0 9/11 18:10 2:05 0:00
Stefan Matteau 0 0 0 -1 0 0 2 0 0 0 1/4 13:09 0:00 0:21
Taylor Beck 0 0 0 -1 0 0 0 1 0 0 1/2 9:58 0:00 2:26
Tim Schaller 0 0 0 -1 0 1 0 0 0 0 4/6 11:02 0:00 3:32
Tyler Bozak 0 0 0 0 2 4 1 0 1 0 18/31 16:55 1:53 0:38
3 Stars
1 - Alex Chiasson (Tex)
2 - Shawn Matthias (Tex)
3 - Dana Tyrell (Tex)
Power Play
Little Stars - 0 on 3 Attempt(s) - 0.00%
Diables - 0 on 2 Attempt(s) - 0.00%
Penalty Kill
Little Stars - 2 on 2 Attempt(s) - 100.00%
- Score 0 goal in Penalty Kill
Diables - 3 on 3 Attempt(s) - 100.00%
- Score 0 goal in Penalty Kill
Team Stat
Little Stars - Hits : 28 - Faceoff Wins : 22 - Blocked Shots : 11 - Penalty Minutes : 4
Diables - Hits : 20 - Faceoff Wins : 35 - Blocked Shots : 10 - Penalty Minutes : 6
Official
Referees : Marouelli Dan and Rooney Chris
Linesman : Mark Shewchyk and Jean Morin
Game Notes
14:53 of 1st period - Little Stars goal is going for a video replay. After video review, No Goal. The puck has been kicked using a distinct kicking motion.
Finance
Level 1 -- Attendance: 1461 (73.05%) -- Ticket Income $58,440
Level 2 -- Attendance: 662 (66.20%) -- Ticket Income $13,240
Total Attendance: 2123 (70.77%)
Total Ticket Income: $71,680
Other Income: $3,584
Total Income: $75,264
Little Stars
5 vs 5 Forward
Center Left Wing Right Wing Time % Phy DF OF
1 Dana Tyrell Shawn Matthias Alex Chiasson 40 1 2 2
2 Mathieu Perreault Jesse Joensuu Jesper Fast 30 1 2 2
3 Daniel O'regan Alexander Vasyunov Nail Yakupov 20 1 2 2
4 Daniel Catenacci Robert Klinkhammer Scott Kosmachuck 10 1 2 2
5 vs 5 Defense
Defense Defense Time % Phy DF OF
1 Niklas Hjalmarsson Phil Oreskovic 40 1 2 2
2 Andrej Sustr Yannick Weber 30 1 2 2
3 Tyson Barrie Tyler Wotherspoon 20 1 2 2
4 Niklas Hjalmarsson Phil Oreskovic 10 1 2 2
PowerPlay Forward
Center Left Wing Right Wing Time % Phy DF OF
1 Dana Tyrell Shawn Matthias Alex Chiasson 60 1 2 2
2 Mathieu Perreault Jesse Joensuu Jesper Fast 40 1 2 2
PowerPlay Defense
Defense Defense Time % Phy DF OF
1 Niklas Hjalmarsson Phil Oreskovic 60 1 2 2
2 Andrej Sustr Yannick Weber 40 1 2 2
Penalty Kill 4 Players Forward
Center Wing Time % Phy DF OF
1 Alex Chiasson Shawn Matthias 60 1 2 2
2 Jesse Joensuu Dana Tyrell 40 1 2 2
Penalty Kill 4 Players Defense
Defense Defense Time % Phy DF OF
1 Niklas Hjalmarsson Phil Oreskovic 60 1 2 2
2 Andrej Sustr Yannick Weber 40 1 2 2
Penalty Kill - 3 Players Forward
Forward Time % Phy DF OF
1 Alex Chiasson 60 1 2 2
2 Shawn Matthias 40 1 2 2
Penalty Kill - 3 Players Defense
Defense Defense Time % Phy DF OF
1 Niklas Hjalmarsson Phil Oreskovic 60 1 2 2
2 Andrej Sustr Yannick Weber 40 1 2 2
4 vs 4 Forward
Center Wing Time % Phy DF OF
1 Alex Chiasson Shawn Matthias 60 1 2 2
2 Jesse Joensuu Dana Tyrell 40 1 2 2
4 vs 4 Defense
Defense Defense Time % Phy DF OF
1 Niklas Hjalmarsson Phil Oreskovic 60 1 2 2
2 Andrej Sustr Yannick Weber 40 1 2 2
Last Minutes Offensive
Center Left Wing Right Wing Defense Defense
Dana Tyrell Shawn Matthias Alex Chiasson Niklas Hjalmarsson Phil Oreskovic
Last Minutes Defensive
Center Left Wing Right Wing Defense Defense
Dana Tyrell Shawn Matthias Alex Chiasson Niklas Hjalmarsson Phil Oreskovic
Goaltenders
Starting : Jhonas Enroth
Backup : Peter Delmas
Extra Forwards
Normal : Nail Yakupov, Alexander Vasyunov, Robert Klinkhammer - PP : Nail Yakupov, Alexander Vasyunov - PK : Robert Klinkhammer
Extra Defensemen
Normal : Tyson Barrie, Tyler Wotherspoon, Andrej Sustr - PP : Tyson Barrie - PK : Tyler Wotherspoon, Andrej Sustr
Penalty Shots
Alex Chiasson, Shawn Matthias, Jesse Joensuu, Dana Tyrell, Mathieu Perreault
Scratches
Michael Mersch (Healthy), Hugh Jessiman (Strained Left Knee Injury), Scott Harrington (Healthy), Reece Willcox (Healthy), Ville Pokka (Healthy)
Alexander Khokhlachev (Healthy), Anthony Camara (Healthy), Duncan Siemens (Healthy), Dillon Simpson (Healthy), Brian Flynn (Healthy)
Laurent Brossoit (Healthy), Anthony Stolarz (Healthy)
Diables
5 vs 5 Forward
Center Left Wing Right Wing Time % Phy DF OF
1 Tyler Bozak Brandon Prust Jordan Szwarz 40 1 2 2
2 Ryan Nugent-Hopkins Alexandre Burrows Craig Smith 30 1 2 2
3 Tim Schaller Taylor Beck Jordan Szwarz 20 1 2 2
4 Stefan Matteau Pierre-Cédric Labrie Daniel Zaar 10 1 2 2
5 vs 5 Defense
Defense Defense Time % Phy DF OF
1 Jon Merrill Hampus Lindholm 40 1 2 2
2 Pavel Valentenko Mark Fraser 30 1 2 2
3 Brian Dumoulin Jamie Oleksiak 20 1 2 2
4 Mark Fraser Hampus Lindholm 10 1 2 2
PowerPlay Forward
Center Left Wing Right Wing Time % Phy DF OF
1 Ryan Nugent-Hopkins Brandon Prust Ben Hanowski 60 1 2 2
2 Tyler Bozak Alexandre Burrows Jordan Szwarz 40 1 2 2
PowerPlay Defense
Defense Defense Time % Phy DF OF
1 Mark Fraser Hampus Lindholm 60 1 2 2
2 Brian Dumoulin Jon Merrill 40 1 2 2
Penalty Kill 4 Players Forward
Center Wing Time % Phy DF OF
1 Tim Schaller Craig Smith 60 1 2 2
2 Tyler Bozak Pierre-Cédric Labrie 40 1 2 2
Penalty Kill 4 Players Defense
Defense Defense Time % Phy DF OF
1 Mark Fraser Jon Merrill 60 1 2 2
2 Hampus Lindholm Jon Merrill 40 1 2 2
Penalty Kill - 3 Players Forward
Forward Time % Phy DF OF
1 Brandon Prust 60 1 2 2
2 Tim Schaller 40 1 2 2
Penalty Kill - 3 Players Defense
Defense Defense Time % Phy DF OF
1 Mark Fraser Pavel Valentenko 60 1 2 2
2 Hampus Lindholm Jon Merrill 40 1 2 2
4 vs 4 Forward
Center Wing Time % Phy DF OF
1 Tyler Bozak Alexandre Burrows 60 1 2 2
2 Ryan Nugent-Hopkins Brandon Prust 40 1 2 2
4 vs 4 Defense
Defense Defense Time % Phy DF OF
1 Mark Fraser Hampus Lindholm 60 1 2 2
2 Pavel Valentenko Jon Merrill 40 1 2 2
Last Minutes Offensive
Center Left Wing Right Wing Defense Defense
Tyler Bozak Brandon Prust Ben Hanowski Hampus Lindholm Jon Merrill
Last Minutes Defensive
Center Left Wing Right Wing Defense Defense
Craig Smith Brandon Prust Ben Hanowski Hampus Lindholm Jon Merrill
Goaltenders
Starting : Jean-Francois Berube
Backup : Eddie Lack
Extra Forwards
Normal : Ryan Nugent-Hopkins, Jordan Szwarz, Taylor Beck - PP : Ryan Nugent-Hopkins, Jordan Szwarz - PK : Taylor Beck
Extra Defensemen
Normal : Brian Dumoulin, Jamie Oleksiak, Hampus Lindholm - PP : Brian Dumoulin - PK : Jamie Oleksiak, Hampus Lindholm
Penalty Shots
Brandon Prust, Tyler Bozak, Alexandre Burrows, Ben Hanowski, Tim Schaller
Scratches
Louis Leblanc (Healthy), Gemel Smith (Healthy), Matt Lindblad (Healthy), Christian Thomas (Healthy), Kyle Chipchura (Healthy)
Borna Rendulic (Healthy), Adam Clendening (Healthy), Eric Karlsson (Healthy), Brett Ritchie (Healthy), Blake Coleman (Healthy)
Benn Ferriero (Healthy), Andrew O'Brien (Healthy), Steve Quailer (Sprained Right Knee Injury), Marc-André Bourdon (Healthy), Linus Ullmark (Healthy)
% Time on Ice - Little Stars
Lines # - Real PCT - Wanted PCT - Time Play
Normal Forward
1 - 36% - 40% - 18:05
2 - 26% - 30% - 12:48
3 - 22% - 20% - 11:04
4 - 16% - 10% - 8:08
Normal Defense
1 - 41% - 40% - 20:26
2 - 30% - 30% - 14:58
3 - 23% - 20% - 11:31
4 - 6% - 10% - 3:10
PP Forward
1 - 46% - 60% - 2:45
2 - 54% - 40% - 3:12
PP Defense
1 - 55% - 60% - 3:16
2 - 45% - 40% - 2:41
PK Forward
1 - 74% - 60% - 2:55
2 - 26% - 40% - 1:03
PK Defense
1 - 60% - 60% - 2:22
2 - 40% - 40% - 1:36
PK3 Forward
1 - 0% - 60%
2 - 0% - 40%
PK3 Defense
1 - 0% - 60%
2 - 0% - 40%
44 Forward
1 - 0% - 60%
2 - 0% - 40%
44 Defense
1 - 0% - 60%
2 - 0% - 40%
Last Minute Offensive - 0:00
Last Minute Defensive - 0:00
Total
Forward - 60:00
Defense - 60:00
|
% Time on Ice - Diables
Lines # - Real PCT - Wanted PCT - Time Play
Normal Forward
1 - 30% - 40% - 14:47
2 - 31% - 30% - 15:32
3 - 15% - 20% - 7:16
4 - 25% - 10% - 12:30
Normal Defense
1 - 39% - 40% - 19:45
2 - 31% - 30% - 15:17
3 - 25% - 20% - 12:24
4 - 5% - 10% - 2:39
PP Forward
1 - 53% - 60% - 2:05
2 - 47% - 40% - 1:53
PP Defense
1 - 67% - 60% - 2:39
2 - 33% - 40% - 1:19
PK Forward
1 - 76% - 60% - 4:32
2 - 24% - 40% - 1:25
PK Defense
1 - 59% - 60% - 3:32
2 - 41% - 40% - 2:25
PK3 Forward
1 - 0% - 60%
2 - 0% - 40%
PK3 Defense
1 - 0% - 60%
2 - 0% - 40%
44 Forward
1 - 0% - 60%
2 - 0% - 40%
44 Defense
1 - 0% - 60%
2 - 0% - 40%
Last Minute Offensive - 0:00
Last Minute Defensive - 0:00
Total
Forward - 60:00
Defense - 60:00
|
Play by Play
1st period
0:01 of 1st period - Tyler Bozak wins face-off versus Dana Tyrell in neutral zone.
0:04 of 1st period - Snap shot by Jordan Szwarz.
0:04 of 1st period - Stopped by Jhonas Enroth with a rebound.
1:13 of 1st period - Slapshot by Yannick Weber.
1:13 of 1st period - Shot Misses the Net.
1:57 of 1st period - Wrist shot by Alexandre Burrows.
1:57 of 1st period - Shot Blocked by Niklas Hjalmarsson.
2:34 of 1st period - Robert Klinkhammer is hit by Daniel Zaar and loses puck.
2:57 of 1st period - Slapshot by Niklas Hjalmarsson.
2:57 of 1st period - Shot Blocked by Jon Merrill.
2:59 of 1st period - Snap shot by Niklas Hjalmarsson.
2:59 of 1st period - Stopped by Jean-Francois Berube with a rebound.
3:01 of 1st period - Wrist shot by Niklas Hjalmarsson.
3:01 of 1st period - Shot Misses the Net.
3:05 of 1st period - Slapshot by Phil Oreskovic.
3:05 of 1st period - Shot Hit the Post.
3:09 of 1st period - Backhand shot by Phil Oreskovic.
3:09 of 1st period - Shot Blocked by Hampus Lindholm.
3:11 of 1st period - Slapshot by Phil Oreskovic.
3:11 of 1st period - Shot Misses the Net.
4:40 of 1st period - Jon Merrill is hit by Phil Oreskovic.
4:47 of 1st period - Slapshot by Niklas Hjalmarsson.
4:47 of 1st period - Stopped by Jean-Francois Berube with a rebound.
4:49 of 1st period - Wrist shot by Daniel Catenacci.
4:49 of 1st period - Shot Blocked by Jon Merrill.
4:51 of 1st period - Slapshot by Niklas Hjalmarsson.
4:51 of 1st period - Stopped by Jean-Francois Berube without a rebound.
4:52 of 1st period - Tyler Bozak wins face-off versus Dana Tyrell in Diables zone.
4:52 of 1st period - Tyler Bozak is hit by Dana Tyrell.
5:06 of 1st period - Snap shot by Alex Chiasson.
5:06 of 1st period - Stopped by Jean-Francois Berube without a rebound.
5:07 of 1st period - Ryan Nugent-Hopkins wins face-off versus Jesse Joensuu in Diables zone.
5:07 of 1st period - Ryan Nugent-Hopkins is hit by Jesse Joensuu.
5:32 of 1st period - Mark Fraser is hit by Tyson Barrie and loses puck.
5:45 of 1st period - Tyson Barrie is hit by Alexandre Burrows and loses puck.
6:16 of 1st period - Wrist shot by Craig Smith.
6:16 of 1st period - Stopped by Jhonas Enroth without a rebound.
6:17 of 1st period - Tyler Bozak wins face-off versus Dana Tyrell in Little Stars zone.
6:35 of 1st period - Alex Chiasson is hit by Tyler Bozak and loses puck.
6:46 of 1st period - Snap shot by Alex Chiasson.
6:46 of 1st period - Shot Misses the Net.
7:08 of 1st period - Jamie Oleksiak is hit by Shawn Matthias and loses puck.
7:27 of 1st period - Tyler Wotherspoon is hit by Brandon Prust.
8:50 of 1st period - Icing by Mathieu Perreault.
8:51 of 1st period - Tim Schaller wins face-off versus Daniel O'regan in Little Stars zone.
11:17 of 1st period - Icing by Phil Oreskovic.
11:18 of 1st period - Daniel O'regan wins face-off versus Stefan Matteau in Little Stars zone.
11:23 of 1st period - Snap shot by Pierre-Cédric Labrie.
11:23 of 1st period - Deflect By Daniel Zaar.
11:23 of 1st period - Stopped by Jhonas Enroth with a rebound.
11:25 of 1st period - Slapshot by Hampus Lindholm.
11:25 of 1st period - Shot Misses the Net.
11:39 of 1st period - Phil Oreskovic is hit by Ryan Nugent-Hopkins and loses puck.
12:07 of 1st period - Snap shot by Tyler Bozak.
12:07 of 1st period - Shot Blocked by Shawn Matthias.
12:20 of 1st period - Icing by Brian Dumoulin.
12:21 of 1st period - Tim Schaller wins face-off versus Mathieu Perreault in Diables zone.
12:55 of 1st period - Off-side.
12:56 of 1st period - Ryan Nugent-Hopkins wins face-off versus Mathieu Perreault in neutral zone.
13:23 of 1st period - Alex Chiasson is hit by Brandon Prust and loses puck.
14:00 of 1st period - Jon Merrill is hit by Jesse Joensuu.
14:13 of 1st period - Icing by Taylor Beck.
14:14 of 1st period - Jordan Szwarz wins face-off versus Dana Tyrell in Diables zone.
14:26 of 1st period - Slapshot by Alex Chiasson.
14:26 of 1st period - Shot Misses the Net.
14:43 of 1st period - Wrist shot by Dana Tyrell.
14:43 of 1st period - Shot Blocked by Mark Fraser.
14:49 of 1st period - Wrist shot by Shawn Matthias.
14:49 of 1st period - Stopped by Jean-Francois Berube with a rebound.
14:51 of 1st period - Wrist shot by Dana Tyrell.
14:51 of 1st period - Shot Misses the Net.
14:53 of 1st period - Slapshot by Alex Chiasson.
14:53 of 1st period - Little Stars goal is going for a video replay.
14:53 of 1st period - The goal is refused. The puck has been kicked using a distinct kicking motion..
14:54 of 1st period - Tyler Bozak wins face-off versus Mathieu Perreault in Diables zone.
14:54 of 1st period - Tyler Bozak is hit by Andrej Sustr.
14:57 of 1st period - Brandon Prust is hit by Mathieu Perreault and loses puck.
15:04 of 1st period - Wrist shot by Jesse Joensuu.
15:04 of 1st period - Shot Misses the Net.
15:06 of 1st period - Backhand shot by Andrej Sustr.
15:06 of 1st period - Deflect By Mathieu Perreault.
15:06 of 1st period - Shot Blocked by Jordan Szwarz.
15:06 of 1st period - Puck is out of play.
15:07 of 1st period - Tyler Bozak wins face-off versus Mathieu Perreault in Diables zone.
15:38 of 1st period - Off-side.
15:39 of 1st period - Tyler Bozak wins face-off versus Dana Tyrell in neutral zone.
16:04 of 1st period - Snap shot by Jesse Joensuu.
16:04 of 1st period - Shot Misses the Net.
16:06 of 1st period - Slapshot by Niklas Hjalmarsson.
16:06 of 1st period - Stopped by Jean-Francois Berube without a rebound.
16:07 of 1st period - Tyler Bozak wins face-off versus Mathieu Perreault in Diables zone.
16:22 of 1st period - Mark Fraser is hit by Jesper Fast and loses puck.
16:37 of 1st period - Snap shot by Alex Chiasson.
16:37 of 1st period - Deflect By Dana Tyrell.
16:37 of 1st period - Stopped by Jean-Francois Berube with a rebound.
16:39 of 1st period - Slapshot by Dana Tyrell.
16:39 of 1st period - Goal by Dana Tyrell - Little Stars : 1 - Diables : 0.
16:40 of 1st period - Tyler Bozak wins face-off versus Dana Tyrell in neutral zone.
17:05 of 1st period - Phil Oreskovic is hit by Ryan Nugent-Hopkins and loses puck.
17:32 of 1st period - Jamie Oleksiak is hit by Daniel O'regan and loses puck.
17:49 of 1st period - Snap shot by Shawn Matthias.
17:49 of 1st period - Stopped by Jean-Francois Berube with a rebound.
17:51 of 1st period - Slapshot by Tyler Wotherspoon.
17:51 of 1st period - Shot Blocked by Brian Dumoulin.
17:53 of 1st period - Slapshot by Alex Chiasson.
17:53 of 1st period - Shot Misses the Net.
18:09 of 1st period - Wrist shot by Alexandre Burrows.
18:09 of 1st period - Deflect By Phil Oreskovic.
18:09 of 1st period - Shot Blocked by Phil Oreskovic.
18:09 of 1st period - Puck is out of play.
18:10 of 1st period - Ryan Nugent-Hopkins wins face-off versus Daniel Catenacci in Little Stars zone.
18:13 of 1st period - Wrist shot by Alexandre Burrows.
18:13 of 1st period - Stopped by Jhonas Enroth without a rebound.
18:14 of 1st period - Dana Tyrell wins face-off versus Tyler Bozak in Little Stars zone.
18:35 of 1st period - Minor Penalty to Andrej Sustr for Holding.
18:36 of 1st period - Ryan Nugent-Hopkins wins face-off versus Alex Chiasson in Little Stars zone.
18:37 of 1st period - Snap shot by Brandon Prust.
18:37 of 1st period - Stopped by Jhonas Enroth with a rebound.
18:39 of 1st period - Snap shot by Brandon Prust.
18:39 of 1st period - Shot Blocked by Phil Oreskovic.
18:41 of 1st period - Slapshot by Hampus Lindholm.
18:41 of 1st period - Stopped by Jhonas Enroth with a rebound.
18:43 of 1st period - Slapshot by Hampus Lindholm.
18:43 of 1st period - Stopped by Jhonas Enroth with a rebound.
Goals for this period are 1 for Little Stars vs 0 for Diables.
Shots for this period are 10 for Little Stars vs 7 for Diables.
2nd period
0:01 of 2nd period - Alex Chiasson wins face-off versus Ryan Nugent-Hopkins in neutral zone.
0:35 of 2nd period - Penalty to Andrej Sustr is over, Andrej Sustr is back on ice.
0:36 of 2nd period - Slapshot by Mark Fraser.
0:36 of 2nd period - Shot Blocked by Andrej Sustr.
1:08 of 2nd period - Snap shot by Andrej Sustr.
1:08 of 2nd period - Deflect By Tim Schaller.
1:08 of 2nd period - Stopped by Jean-Francois Berube with a rebound.
1:16 of 2nd period - Slapshot by Andrej Sustr.
1:16 of 2nd period - Shot Misses the Net.
1:18 of 2nd period - Wrist shot by Andrej Sustr.
1:18 of 2nd period - Shot Misses the Net.
1:20 of 2nd period - Slapshot by Andrej Sustr.
1:20 of 2nd period - Stopped by Jean-Francois Berube with a rebound.
1:49 of 2nd period - Jamie Oleksiak is hit by Tyler Wotherspoon and loses puck.
2:04 of 2nd period - Minor Penalty to Tyler Wotherspoon for Tripping.
2:05 of 2nd period - Ryan Nugent-Hopkins wins face-off versus Alex Chiasson in Little Stars zone.
2:18 of 2nd period - Snap shot by Ryan Nugent-Hopkins.
2:18 of 2nd period - Stopped by Jhonas Enroth with a rebound.
3:41 of 2nd period - Icing by Mark Fraser.
3:42 of 2nd period - Jordan Szwarz wins face-off versus Jesse Joensuu in Diables zone.
4:04 of 2nd period - Penalty to Tyler Wotherspoon is over, Tyler Wotherspoon is back on ice.
4:32 of 2nd period - Tim Schaller is hit by Shawn Matthias and loses puck.
4:55 of 2nd period - Tim Schaller is hit by Tyson Barrie and loses puck.
5:00 of 2nd period - Snap shot by Shawn Matthias.
5:00 of 2nd period - Shot Blocked by Taylor Beck.
5:02 of 2nd period - Snap shot by Alex Chiasson.
5:02 of 2nd period - Shot Misses the Net.
5:04 of 2nd period - Slapshot by Yannick Weber.
5:04 of 2nd period - Deflect By Tim Schaller.
5:04 of 2nd period - Stopped by Jean-Francois Berube without a rebound.
5:05 of 2nd period - Ryan Nugent-Hopkins wins face-off versus Mathieu Perreault in Diables zone.
5:05 of 2nd period - Craig Smith is hit by Mathieu Perreault.
5:49 of 2nd period - Off-side.
5:50 of 2nd period - Tyler Bozak wins face-off versus Daniel O'regan in neutral zone.
6:20 of 2nd period - Snap shot by Daniel Zaar.
6:20 of 2nd period - Shot Misses the Net.
6:44 of 2nd period - Robert Klinkhammer is hit by Pavel Valentenko and loses puck.
8:00 of 2nd period - Snap shot by Phil Oreskovic.
8:00 of 2nd period - Stopped by Jean-Francois Berube with a rebound.
8:02 of 2nd period - Slapshot by Niklas Hjalmarsson.
8:02 of 2nd period - Shot Misses the Net.
8:29 of 2nd period - Wrist shot by Tyler Bozak.
8:29 of 2nd period - Stopped by Jhonas Enroth without a rebound.
8:30 of 2nd period - Dana Tyrell wins face-off versus Pierre-Cédric Labrie in Little Stars zone.
8:39 of 2nd period - Wrist shot by Shawn Matthias.
8:39 of 2nd period - Stopped by Jean-Francois Berube with a rebound.
8:41 of 2nd period - Backhand shot by Tyson Barrie.
8:41 of 2nd period - Deflect By Alex Chiasson.
8:41 of 2nd period - Goal by Alex Chiasson - Little Stars : 2 - Diables : 0.
8:42 of 2nd period - Tyler Bozak wins face-off versus Dana Tyrell in neutral zone.
9:53 of 2nd period - Snap shot by Tim Schaller.
9:53 of 2nd period - Stopped by Jhonas Enroth without a rebound.
9:54 of 2nd period - Tyler Bozak wins face-off versus Dana Tyrell in Little Stars zone.
10:17 of 2nd period - Alex Chiasson is hit by Alexandre Burrows and loses puck.
10:31 of 2nd period - Minor Penalty to Daniel Zaar for Interference.
10:32 of 2nd period - Tim Schaller wins face-off versus Mathieu Perreault in Diables zone.
10:32 of 2nd period - Tim Schaller is hit by Mathieu Perreault.
12:31 of 2nd period - Penalty to Daniel Zaar is over, Daniel Zaar is back on ice.
12:32 of 2nd period - Jamie Oleksiak is hit by Andrej Sustr and loses puck.
12:45 of 2nd period - Slapshot by Tyler Bozak.
12:45 of 2nd period - Shot Misses the Net.
12:47 of 2nd period - Snap shot by Hampus Lindholm.
12:47 of 2nd period - Shot Blocked by Alexander Vasyunov.
12:49 of 2nd period - Slapshot by Hampus Lindholm.
12:49 of 2nd period - Deflect By Tyler Bozak.
12:49 of 2nd period - Stopped by Jhonas Enroth without a rebound.
12:50 of 2nd period - Tyler Bozak wins face-off versus Daniel O'regan in Little Stars zone.
13:15 of 2nd period - Tyson Barrie is hit by Alexandre Burrows and loses puck.
13:28 of 2nd period - Robert Klinkhammer is hit by Alexandre Burrows and loses puck.
13:41 of 2nd period - Tyler Wotherspoon is hit by Pierre-Cédric Labrie and loses puck.
14:23 of 2nd period - Alexander Vasyunov is hit by Craig Smith and loses puck.
15:34 of 2nd period - Snap shot by Alexander Vasyunov.
15:34 of 2nd period - Deflect By Daniel O'regan.
15:34 of 2nd period - Stopped by Jean-Francois Berube without a rebound.
15:35 of 2nd period - Mathieu Perreault wins face-off versus Tyler Bozak in Diables zone.
15:38 of 2nd period - Snap shot by Mathieu Perreault.
15:38 of 2nd period - Shot Blocked by Brian Dumoulin.
15:58 of 2nd period - Alexandre Burrows is hit by Shawn Matthias and loses puck.
16:41 of 2nd period - Wrist shot by Mathieu Perreault.
16:41 of 2nd period - Deflect By Jesse Joensuu.
16:41 of 2nd period - Stopped by Jean-Francois Berube without a rebound.
16:42 of 2nd period - Ryan Nugent-Hopkins wins face-off versus Mathieu Perreault in Diables zone.
17:09 of 2nd period - Slapshot by Tyson Barrie.
17:09 of 2nd period - Stopped by Jean-Francois Berube without a rebound.
17:10 of 2nd period - Dana Tyrell wins face-off versus Tyler Bozak in Diables zone.
17:19 of 2nd period - Shawn Matthias is hit by Jordan Szwarz.
17:23 of 2nd period - Andrej Sustr is hit by Jordan Szwarz and loses puck.
17:36 of 2nd period - Wrist shot by Ryan Nugent-Hopkins.
17:36 of 2nd period - Shot Blocked by Yannick Weber.
18:03 of 2nd period - Off-side.
18:04 of 2nd period - Tyler Bozak wins face-off versus Dana Tyrell in neutral zone.
18:04 of 2nd period - Tyler Bozak is hit by Alex Chiasson.
18:08 of 2nd period - Snap shot by Hampus Lindholm.
18:08 of 2nd period - Deflect By Tyler Bozak.
18:08 of 2nd period - Stopped by Jhonas Enroth with a rebound.
18:10 of 2nd period - Snap shot by Jordan Szwarz.
18:10 of 2nd period - Stopped by Jhonas Enroth without a rebound.
18:11 of 2nd period - Dana Tyrell wins face-off versus Tyler Bozak in Little Stars zone.
18:36 of 2nd period - Tyler Bozak is hit by Phil Oreskovic and loses puck.
18:57 of 2nd period - Slapshot by Hampus Lindholm.
18:57 of 2nd period - Deflect By Jordan Szwarz.
18:57 of 2nd period - Stopped by Jhonas Enroth with a rebound.
18:59 of 2nd period - Slapshot by Tyler Bozak.
18:59 of 2nd period - Shot Misses the Net.
19:01 of 2nd period - Snap shot by Tyler Bozak.
19:01 of 2nd period - Shot Misses the Net.
19:03 of 2nd period - Slapshot by Tyler Bozak.
19:03 of 2nd period - Stopped by Jhonas Enroth without a rebound.
19:04 of 2nd period - Ryan Nugent-Hopkins wins face-off versus Mathieu Perreault in Little Stars zone.
19:43 of 2nd period - Icing by Alexander Vasyunov.
19:44 of 2nd period - Ryan Nugent-Hopkins wins face-off versus Daniel O'regan in Little Stars zone.
19:45 of 2nd period - Wrist shot by Craig Smith.
19:45 of 2nd period - Stopped by Jhonas Enroth with a rebound.
19:47 of 2nd period - Snap shot by Jon Merrill.
19:47 of 2nd period - Stopped by Jhonas Enroth with a rebound.
19:49 of 2nd period - Slapshot by Jon Merrill.
19:49 of 2nd period - Goal by Jon Merrill - Little Stars : 2 - Diables : 1.
19:50 of 2nd period - Tyler Bozak wins face-off versus Dana Tyrell in neutral zone.
Goals for this period are 1 for Little Stars vs 1 for Diables.
Shots for this period are 9 for Little Stars vs 11 for Diables.
3rd period
0:01 of 3rd period - Dana Tyrell wins face-off versus Tyler Bozak in neutral zone.
0:04 of 3rd period - Snap shot by Phil Oreskovic.
0:04 of 3rd period - Deflect By Brandon Prust.
0:04 of 3rd period - Stopped by Jean-Francois Berube without a rebound.
0:05 of 3rd period - Dana Tyrell wins face-off versus Tyler Bozak in Diables zone.
0:06 of 3rd period - Snap shot by Alex Chiasson.
0:06 of 3rd period - Shot Misses the Net.
0:45 of 3rd period - Slapshot by Alex Chiasson.
0:45 of 3rd period - Stopped by Jean-Francois Berube with a rebound.
1:01 of 3rd period - Jon Merrill is hit by Dana Tyrell and loses puck.
1:22 of 3rd period - Wrist shot by Dana Tyrell.
1:22 of 3rd period - Shot Misses the Net.
1:41 of 3rd period - Minor Penalty to Craig Smith for Hooking.
1:42 of 3rd period - Taylor Beck wins face-off versus Mathieu Perreault in Diables zone.
2:08 of 3rd period - Andrej Sustr is hit by Mark Fraser and loses puck.
2:14 of 3rd period - Icing by Mathieu Perreault.
2:15 of 3rd period - Tyler Bozak wins face-off versus Mathieu Perreault in Little Stars zone.
3:03 of 3rd period - Nail Yakupov is hit by Stefan Matteau and loses puck.
3:41 of 3rd period - Penalty to Craig Smith is over, Craig Smith is back on ice.
5:24 of 3rd period - Dana Tyrell is hit by Daniel Zaar and loses puck.
6:13 of 3rd period - Jordan Szwarz is hit by Tyson Barrie and loses puck.
7:00 of 3rd period - Jamie Oleksiak is hit by Robert Klinkhammer.
7:01 of 3rd period - Icing by Jamie Oleksiak.
7:02 of 3rd period - Daniel Catenacci wins face-off versus Stefan Matteau in Diables zone.
7:03 of 3rd period - Wrist shot by Robert Klinkhammer.
7:03 of 3rd period - Shot Blocked by Brian Dumoulin.
7:08 of 3rd period - Icing by Daniel Zaar.
7:09 of 3rd period - Stefan Matteau wins face-off versus Dana Tyrell in Diables zone.
7:25 of 3rd period - Slapshot by Shawn Matthias.
7:25 of 3rd period - Stopped by Jean-Francois Berube without a rebound.
7:26 of 3rd period - Mathieu Perreault wins face-off versus Tyler Bozak in Diables zone.
7:51 of 3rd period - Niklas Hjalmarsson is hit by Ryan Nugent-Hopkins and loses puck.
8:04 of 3rd period - Wrist shot by Alexandre Burrows.
8:04 of 3rd period - Shot Blocked by Shawn Matthias.
8:18 of 3rd period - Wrist shot by Jordan Szwarz.
8:18 of 3rd period - Shot Blocked by Phil Oreskovic.
8:20 of 3rd period - Slapshot by Taylor Beck.
8:20 of 3rd period - Deflect By Tim Schaller.
8:20 of 3rd period - Shot Blocked by Phil Oreskovic.
8:20 of 3rd period - Puck is out of play.
8:21 of 3rd period - Mathieu Perreault wins face-off versus Tim Schaller in Little Stars zone.
8:34 of 3rd period - Wrist shot by Jesper Fast.
8:34 of 3rd period - Goal by Jesper Fast - Little Stars : 3 - Diables : 1.
8:35 of 3rd period - Tyler Bozak wins face-off versus Mathieu Perreault in neutral zone.
9:00 of 3rd period - Hampus Lindholm is hit by Yannick Weber and loses puck.
9:23 of 3rd period - Snap shot by Daniel Zaar.
9:23 of 3rd period - Shot Misses the Net.
9:25 of 3rd period - Snap shot by Stefan Matteau.
9:25 of 3rd period - Shot Misses the Net.
9:49 of 3rd period - Tim Schaller is hit by Scott Kosmachuck and loses puck.
10:00 of 3rd period - Slapshot by Jamie Oleksiak.
10:00 of 3rd period - Stopped by Jhonas Enroth with a rebound.
10:10 of 3rd period - Snap shot by Craig Smith.
10:10 of 3rd period - Stopped by Jhonas Enroth with a rebound.
10:28 of 3rd period - Wrist shot by Alexander Vasyunov.
10:28 of 3rd period - Stopped by Jean-Francois Berube without a rebound.
10:29 of 3rd period - Daniel O'regan wins face-off versus Tyler Bozak in Diables zone.
10:52 of 3rd period - Craig Smith is hit by Tyson Barrie.
10:56 of 3rd period - Snap shot by Alex Chiasson.
10:56 of 3rd period - Shot Blocked by Alexandre Burrows.
10:58 of 3rd period - Wrist shot by Shawn Matthias.
10:58 of 3rd period - Goal by Shawn Matthias - Little Stars : 4 - Diables : 1.
10:59 of 3rd period - Tyler Bozak wins face-off versus Dana Tyrell in neutral zone.
11:14 of 3rd period - Snap shot by Alex Chiasson.
11:14 of 3rd period - Stopped by Jean-Francois Berube without a rebound.
11:15 of 3rd period - Mathieu Perreault wins face-off versus Ryan Nugent-Hopkins in Diables zone.
11:26 of 3rd period - Wrist shot by Mathieu Perreault.
11:26 of 3rd period - Stopped by Jean-Francois Berube without a rebound.
11:27 of 3rd period - Dana Tyrell wins face-off versus Tyler Bozak in Diables zone.
11:38 of 3rd period - Minor Penalty to Tyler Bozak for Slashing.
11:39 of 3rd period - Dana Tyrell wins face-off versus Tim Schaller in Diables zone.
12:20 of 3rd period - Off-side.
12:21 of 3rd period - Jesper Fast wins face-off versus Taylor Beck in neutral zone.
12:26 of 3rd period - Jon Merrill is hit by Jesse Joensuu and loses puck.
12:35 of 3rd period - Wrist shot by Jesse Joensuu.
12:35 of 3rd period - Stopped by Jean-Francois Berube without a rebound.
12:36 of 3rd period - Tim Schaller wins face-off versus Dana Tyrell in Diables zone.
12:36 of 3rd period - Tim Schaller is hit by Niklas Hjalmarsson.
13:26 of 3rd period - Slapshot by Hampus Lindholm.
13:26 of 3rd period - Shot Misses the Net.
13:38 of 3rd period - Penalty to Tyler Bozak is over, Tyler Bozak is back on ice.
13:50 of 3rd period - Slapshot by Jamie Oleksiak.
13:50 of 3rd period - Deflect By Brandon Prust.
13:50 of 3rd period - Shot Blocked by Andrej Sustr.
13:50 of 3rd period - Puck is out of play.
13:51 of 3rd period - Alexander Vasyunov wins face-off versus Tyler Bozak in Little Stars zone.
14:30 of 3rd period - Slapshot by Niklas Hjalmarsson.
14:30 of 3rd period - Stopped by Jean-Francois Berube with a rebound.
14:32 of 3rd period - Snap shot by Daniel O'regan.
14:32 of 3rd period - Stopped by Jean-Francois Berube with a rebound.
14:46 of 3rd period - Snap shot by Daniel O'regan.
14:46 of 3rd period - Deflect By Pierre-Cédric Labrie.
14:46 of 3rd period - Shot Misses the Net.
14:46 of 3rd period - Puck is out of play.
14:47 of 3rd period - Dana Tyrell wins face-off versus Tyler Bozak in Diables zone.
14:58 of 3rd period - Snap shot by Dana Tyrell.
14:58 of 3rd period - Shot Misses the Net.
15:17 of 3rd period - Ryan Nugent-Hopkins is hit by Mathieu Perreault and loses puck.
15:51 of 3rd period - Scott Kosmachuck is hit by Stefan Matteau and loses puck.
16:57 of 3rd period - Icing by Brian Dumoulin.
16:58 of 3rd period - Mathieu Perreault wins face-off versus Stefan Matteau in Diables zone.
16:59 of 3rd period - Slapshot by Jesse Joensuu.
16:59 of 3rd period - Shot Misses the Net.
17:05 of 3rd period - Backhand shot by Mathieu Perreault.
17:05 of 3rd period - Stopped by Jean-Francois Berube without a rebound.
17:06 of 3rd period - Mathieu Perreault wins face-off versus Tyler Bozak in Diables zone.
17:09 of 3rd period - Wrist shot by Jesse Joensuu.
17:09 of 3rd period - Stopped by Jean-Francois Berube without a rebound.
17:10 of 3rd period - Tyler Bozak wins face-off versus Dana Tyrell in Diables zone.
17:41 of 3rd period - Slapshot by Alexandre Burrows.
17:41 of 3rd period - Shot Misses the Net.
17:43 of 3rd period - Slapshot by Hampus Lindholm.
17:43 of 3rd period - Stopped by Jhonas Enroth without a rebound.
17:44 of 3rd period - Mathieu Perreault wins face-off versus Tyler Bozak in Little Stars zone.
Goals for this period are 2 for Little Stars vs 0 for Diables.
Shots for this period are 13 for Little Stars vs 3 for Diables.
Back to the Top